Capitals vs BlueJackets

Created - Tuesday, March 03, 2015 at 23:58

Goals
1 2 3 T
Capitals 0 1 1 2
BlueJackets 3 3 1 7
Shots
1 2 3 T
Capitals 6 9 4 19
BlueJackets 12 10 12 34

1st period

1. BlueJackets , Sam Gagner 12 (Erik Cole, Manny Malhotra) at 3:09
2. BlueJackets , Erik Cole 13 (Patrick Wiercioch, Sam Gagner) at 6:13
3. BlueJackets , Teddy Purcell 16 (Justin Williams, Kevin Klein) at 15:31 (SH)

Penalties :
Ryan Garbutt (Clb) for Tripping (Minor) at 14:03, Matt Taormina (Was) for Tripping (Minor) at 18:53

2nd period

4. BlueJackets , Drew Shore 3 (Tobias Enstrom, Adam Pardy) at 3:26
5. BlueJackets , Ryan Garbutt 7 (Kevin Klein, Drew Shore) at 9:47
6. BlueJackets , Tobias Enstrom 23 (Sam Gagner) at 10:16
7. Capitals , Steve Oleksy 7 (Brett Sutter, Cory Emmerton) at 12:15

Penalties :
Chris Bruton (Was) for Tripping (Minor) at 3:36

3rd period

8. BlueJackets , Teddy Purcell 17 (Tobias Enstrom) at 6:51 (PP)
9. Capitals , Travis Zajac 21 (Eric O'Dell) at 17:52 (PP)

Penalties :
David McIntyre (Was) for Hooking (Minor) at 4:56, Jesse Winchester (Clb) for Holding (Minor) at 17:39

Goalie Stats

Cristopher Nilstorp (Was), 15 saves from 18 shots - (0.833), 36:34 minutes
Jacob Markstrom (Was), 12 saves from 16 shots - (0.750), L, 3-11-0, 23:26 minutes
Jake Allen (Clb), 17 saves from 19 shots - (0.895), W, 8-16-3, 60:00 minutes

Players Stats for Capitals

Player Name              G  A  P  +/- PIM S  H  SB GA TA FO     MP     PP MP  PK MP  
------------------------------------------------------------------------------------
Brad Mills               0  0  0  -2  0   1  1  0  0  0  1/1    13:57   1:11   0:11 
Brett Clark              0  0  0  -3  0   1  1  2  0  1  0/0    19:07   0:24   1:13 
Brett Sutter             0  1  1  -2  0   2  1  0  3  0  0/0    14:41   1:11   0:55 
Chris Bruton             0  0  0   0  2   0  1  0  0  0  1/10   17:01   0:00   0:00 
Cory Emmerton            0  1  1  -3  0   0  0  3  4  1  7/14   23:12   1:11   3:24 
David McIntyre           0  0  0  -1  2   0  2  0  0  0  1/1    15:03   0:00   0:00 
Eric Gelinas             0  0  0  -1  0   3  0  3  0  0  0/0    11:01   1:48   4:40 
Eric O'Dell              0  1  1   0  0   2  3  2  3  0  0/0    18:20   1:01   0:00 
Harry Young              0  0  0  -2  0   1  2  1  0  1  0/0    18:40   0:00   0:00 
Kyle Jean                0  0  0  -2  0   0  1  1  0  0  0/0     6:56   0:00   0:00 
Linus Omark              0  0  0   0  0   3  1  2  3  1  0/3    18:53   1:01   0:55 
Luke Adam                0  0  0  -2  0   1  1  1  3  1  5/10   15:19   0:00   0:00 
Mark Flood               0  0  0  -3  0   0  0  1  0  2  0/0    19:07   0:24   1:13 
Matt Taormina            0  0  0   0  2   0  0  0  0  2  0/0    15:26   0:00   0:00 
Steve Oleksy             1  0  1  -1  0   3  3  2  0  3  0/0    21:47   1:48   4:40 
Travis Zajac             1  0  1  -1  0   2  1  0  5  1  6/10   20:50   1:01   4:22 
Tyler Brown              0  0  0  -2  0   0  2  1  0  0  0/2     9:35   0:00   1:59 
Zachery Davies           0  0  0   0  0   0  1  0  0  0  0/0    15:09   0:00   0:00 

Players Stats for BlueJackets

Player Name              G  A  P  +/- PIM S  H  SB GA TA FO     MP     PP MP  PK MP  
------------------------------------------------------------------------------------
Adam Pardy               0  1  1   0  0   1  1  1  0  2  0/0    20:46   3:55   1:48 
Chad Ruhwedel            0  0  0   2  0   1  0  0  0  1  0/0    17:44   0:00   0:00 
Drew Shore               1  1  2   1  0   2  1  0  0  0  7/8    15:18   0:00   0:00 
Erik Cole                1  1  2   3  0   4  2  1  6  0  0/1    20:13   3:11   0:05 
James Wright             0  0  0   0  0   1  0  1  1  0  2/4     7:29   0:00   0:12 
Jesse Winchester         0  0  0   1  2   3  3  1  1  1  0/0    14:53   0:00   0:00 
Justin Williams          0  1  1   1  0   1  1  1  2  0  0/2    22:49   2:42   1:55 
Kevin Connauton          0  0  0   2  0   0  2  1  0  1  0/0    15:06   0:00   0:00 
Kevin Klein              0  2  2   1  0   2  0  1  0  1  0/0    21:00   1:58   0:24 
Magnus Paajarvi          0  0  0   0  0   0  0  0  0  0  0/0     0:00   0:00   0:00 
Manny Malhotra           0  1  1   3  0   0  1  1  1  1  9/13   16:39   0:00   0:00 
Michael Raffl            0  0  0   0  0   3  0  0  1  0  0/0     7:17   0:00   0:00 
Patrick Wiercioch        0  1  1   3  0   0  1  0  0  1  0/0    17:42   1:58   0:24 
Ryan Garbutt             1  0  1   1  2   2  3  1  2  0  2/4    19:06   3:11   0:00 
Sam Gagner               1  2  3   3  0   5  1  1  1  0  0/1    20:13   3:11   0:05 
Teddy Purcell            2  0  2   1  0   3  2  0  4  1  1/7    17:58   2:42   2:07 
Tobias Enstrom           1  2  3   2  0   6  0  6  1  2  0/0    27:42   3:55   1:48 
Vernon Fiddler           0  0  0   0  0   0  2  0  0  2  9/11   15:51   2:42   0:00 

3 Stars

1 - Sam Gagner (Clb)
2 - Tobias Enstrom (Clb)
3 - Erik Cole (Clb)

Power Play

Capitals - 1 on 2 Attempt(s) - 50.00%
BlueJackets - 1 on 3 Attempt(s) - 33.33%

Penalty Kill

Capitals - 2 on 3 Attempt(s) - 66.67% - Score 0 goal in Penalty Kill
BlueJackets - 1 on 2 Attempt(s) - 50.00% - Score 1 goal in Penalty Kill

Team Stat

Capitals - Hits : 21 - Faceoff Wins : 21 - Blocked Shots : 19 - Penalty Minutes : 6
BlueJackets - Hits : 20 - Faceoff Wins : 30 - Blocked Shots : 16 - Penalty Minutes : 4

Official

Referees : Unknown
Linesman : Unknown

Game Notes

Cristopher Nilstorp enters game at 3:26 of 2nd period
18:16 of 3rd period - BlueJackets goal is going for a video replay. After video review, No Goal. The puck has been kicked using a distinct kicking motion.

Finance

Level 1 -- Attendance: 4365 (72.75%) -- Ticket Income $436,500
Level 2 -- Attendance: 3912 (78.24%) -- Ticket Income $234,720
Level 3 -- Attendance: 1365 (68.25%) -- Ticket Income $47,775
Level 4 -- Attendance: 2801 (70.03%) -- Ticket Income $56,020
Luxury Box -- Attendance: 694 (69.40%) -- Ticket Income $138,800
Game was played at the Nationwide Arena'
Total Attendance: 13137 (72.98%)
Total Ticket Income: $913,815
Other Income: $447,769
Total Income: $1,361,584

Capitals

5 vs 5 Forward 
   Center                   Left Wing                Right Wing               Time % Phy DF OF 
 1 Chris Bruton             Linus Omark              Eric O'Dell              35     1   2  2  
 2 Cory Emmerton            Brett Sutter             Brad Mills               30     1   2  2  
 3 Luke Adam                David McIntyre           Travis Zajac             22     1   2  2  
 4 Tyler Brown              Kyle Jean                Cory Emmerton            13     1   2  2  

5 vs 5 Defense 
   Defense                  Defense                                           Time % Phy DF OF 
 1 Harry Young              Steve Oleksy                                      35     1   2  2  
 2 Brett Clark              Mark Flood                                        30     1   2  2  
 3 Matt Taormina            Zachery Davies                                    22     1   2  2  
 4 Harry Young              Eric Gelinas                                      13     1   2  2  

PowerPlay Forward 
   Center                   Left Wing                Right Wing               Time % Phy DF OF 
 1 Travis Zajac             Linus Omark              Eric O'Dell              60     1   2  2  
 2 Cory Emmerton            Brett Sutter             Brad Mills               40     1   2  2  

PowerPlay Defense
   Defense                  Defense                                           Time % Phy DF OF 
 1 Eric Gelinas             Steve Oleksy                                      60     1   2  2  
 2 Brett Clark              Mark Flood                                        40     1   2  2  

Penalty Kill 4 Players Forward 
   Center                   Wing                     Time % Phy DF OF 
 1 Travis Zajac             Cory Emmerton            60     1   2  2  
 2 Linus Omark              Brett Sutter             40     1   2  2  

Penalty Kill 4 Players Defense
   Defense                  Defense                  Time % Phy DF OF 
 1 Eric Gelinas             Steve Oleksy             60     1   2  2  
 2 Brett Clark              Mark Flood               40     1   2  2  

Penalty Kill - 3 Players Forward 
   Forward                                           Time % Phy DF OF 
 1 Travis Zajac                                      60     1   2  2  
 2 Cory Emmerton                                     40     1   2  2  

Penalty Kill - 3 Players Defense
   Defense                  Defense                  Time % Phy DF OF 
 1 Eric Gelinas             Steve Oleksy             60     1   2  2  
 2 Brett Clark              Mark Flood               40     1   2  2  

4 vs 4 Forward 
   Center                   Wing                     Time % Phy DF OF 
 1 Travis Zajac             Cory Emmerton            60     1   2  2  
 2 Linus Omark              Brett Sutter             40     1   2  2  

4 vs 4 Defense
   Defense                  Defense                  Time % Phy DF OF 
 1 Eric Gelinas             Steve Oleksy             60     1   2  2  
 2 Brett Clark              Mark Flood               40     1   2  2  

Last Minutes Offensive
   Center                   Left Wing                Right Wing               Defense                  Defense                  
   Travis Zajac             Linus Omark              Eric O'Dell              Eric Gelinas             Steve Oleksy             

Last Minutes Defensive
   Center                   Left Wing                Right Wing               Defense                  Defense                  
   Travis Zajac             Linus Omark              Eric O'Dell              Eric Gelinas             Steve Oleksy             

Goaltenders
Starting : Jacob Markstrom          
Backup : Cristopher Nilstorp      

Extra Forwards
Normal : Luke Adam, David McIntyre, Tyler Brown - PP : Luke Adam, David McIntyre - PK : Tyler Brown
Extra Defensemen
Normal : Matt Taormina, Zachery Davies, Harry Young - PP : Matt Taormina - PK : Zachery Davies, Harry Young
Penalty Shots
Travis Zajac, Cory Emmerton, Linus Omark, Brett Sutter, Eric O'Dell

BlueJackets

5 vs 5 Forward 
   Center                   Left Wing                Right Wing               Time % Phy DF OF 
 1 Manny Malhotra           Erik Cole                Sam Gagner               35     1   2  2  
 2 Vernon Fiddler           Teddy Purcell            Justin Williams          30     1   2  2  
 3 Drew Shore               Ryan Garbutt             Jesse Winchester         22     1   2  2  
 4 James Wright             Michael Raffl            Justin Williams          13     1   2  2  

5 vs 5 Defense 
   Defense                  Defense                                           Time % Phy DF OF 
 1 Tobias Enstrom           Chad Ruhwedel                                     35     1   2  2  
 2 Adam Pardy               Kevin Klein                                       30     1   2  2  
 3 Patrick Wiercioch        Kevin Connauton                                   22     1   2  2  
 4 Tobias Enstrom           Kevin Klein                                       13     1   2  2  

PowerPlay Forward 
   Center                   Left Wing                Right Wing               Time % Phy DF OF 
 1 Ryan Garbutt             Erik Cole                Sam Gagner               60     1   2  2  
 2 Vernon Fiddler           Teddy Purcell            Justin Williams          40     1   2  2  

PowerPlay Defense
   Defense                  Defense                                           Time % Phy DF OF 
 1 Tobias Enstrom           Adam Pardy                                        60     1   2  2  
 2 Patrick Wiercioch        Kevin Klein                                       40     1   2  2  

Penalty Kill 4 Players Forward 
   Center                   Wing                     Time % Phy DF OF 
 1 Teddy Purcell            Justin Williams          60     1   2  2  
 2 Sam Gagner               Erik Cole                40     1   2  2  

Penalty Kill 4 Players Defense
   Defense                  Defense                  Time % Phy DF OF 
 1 Tobias Enstrom           Adam Pardy               60     1   2  2  
 2 Patrick Wiercioch        Kevin Klein              40     1   2  2  

Penalty Kill - 3 Players Forward 
   Forward                                           Time % Phy DF OF 
 1 Erik Cole                                         60     1   2  2  
 2 Justin Williams                                   40     1   2  2  

Penalty Kill - 3 Players Defense
   Defense                  Defense                  Time % Phy DF OF 
 1 Tobias Enstrom           Adam Pardy               60     1   2  2  
 2 Kevin Connauton          Kevin Klein              40     1   2  2  

4 vs 4 Forward 
   Center                   Wing                     Time % Phy DF OF 
 1 Ryan Garbutt             Justin Williams          60     1   2  2  
 2 Teddy Purcell            Erik Cole                40     1   2  2  

4 vs 4 Defense
   Defense                  Defense                  Time % Phy DF OF 
 1 Tobias Enstrom           Patrick Wiercioch        60     1   2  2  
 2 Adam Pardy               Kevin Klein              40     1   2  2  

Last Minutes Offensive
   Center                   Left Wing                Right Wing               Defense                  Defense                  
   Manny Malhotra           Erik Cole                Sam Gagner               Tobias Enstrom           Adam Pardy               

Last Minutes Defensive
   Center                   Left Wing                Right Wing               Defense                  Defense                  
   Manny Malhotra           Erik Cole                Sam Gagner               Tobias Enstrom           Adam Pardy               

Goaltenders
Starting : Jake Allen               
Backup : Joni Ortio               

Extra Forwards
Normal : Ryan Garbutt, Drew Shore, James Wright - PP : Ryan Garbutt, Drew Shore - PK : James Wright
Extra Defensemen
Normal : Kevin Klein, Adam Pardy, Tobias Enstrom - PP : Tobias Enstrom - PK : Kevin Klein, Tobias Enstrom
Penalty Shots
James Wright, Justin Williams, Sam Gagner, Erik Cole, Teddy Purcell

% Time on Ice - Capitals

Lines # - Real PCT - Wanted PCT - Time Play
Normal Forward
1 - 33% - 35% - 17:20
2 - 24% - 30% - 12:35
3 - 29% - 22% - 15:04
4 - 13% - 13% - 6:56
Normal Defense
1 - 30% - 35% - 15:19
2 - 34% - 30% - 17:30
3 - 29% - 22% - 15:09
4 - 8% - 13% - 3:57
PP Forward
1 - 46% - 60% - 1:01
2 - 54% - 40% - 1:11
PP Defense
1 - 82% - 60% - 1:48
2 - 18% - 40% - 0:24
PK Forward
1 - 84% - 60% - 4:58
2 - 16% - 40% - 0:55
PK Defense
1 - 79% - 60% - 4:40
2 - 21% - 40% - 1:13
PK3 Forward
1 - 0% - 60%
2 - 0% - 40%
PK3 Defense
1 - 0% - 60%
2 - 0% - 40%
44 Forward
1 - 0% - 60%
2 - 0% - 40%
44 Defense
1 - 0% - 60%
2 - 0% - 40%
Last Minute Offensive  - 0:00
Last Minute Defensive  - 0:00
Total
Forward - 60:00
Defense - 60:00

% Time on Ice - BlueJackets

Lines # - Real PCT - Wanted PCT - Time Play
Normal Forward
1 - 32% - 35% - 16:39
2 - 26% - 30% - 13:27
3 - 28% - 22% - 14:32
4 - 14% - 13% - 7:17
Normal Defense
1 - 35% - 35% - 18:11
2 - 29% - 30% - 14:50
3 - 29% - 22% - 15:06
4 - 7% - 13% - 3:48
PP Forward
1 - 54% - 60% - 3:11
2 - 46% - 40% - 2:42
PP Defense
1 - 67% - 60% - 3:55
2 - 33% - 40% - 1:58
PK Forward
1 - 96% - 60% - 2:07
2 - 4% - 40% - 0:05
PK Defense
1 - 82% - 60% - 1:48
2 - 18% - 40% - 0:24
PK3 Forward
1 - 0% - 60%
2 - 0% - 40%
PK3 Defense
1 - 0% - 60%
2 - 0% - 40%
44 Forward
1 - 0% - 60%
2 - 0% - 40%
44 Defense
1 - 0% - 60%
2 - 0% - 40%
Last Minute Offensive  - 0:00
Last Minute Defensive  - 0:00
Total
Forward - 60:00
Defense - 60:00

Play by Play

1st period


0:01 of 1st period - Manny Malhotra wins face-off versus Linus Omark in neutral zone.
0:08 of 1st period - Snap shot by Erik Cole.
0:08 of 1st period - Shot Blocked by Harry Young.
0:10 of 1st period - Slapshot by Tobias Enstrom.
0:10 of 1st period - Stopped by Jacob Markstrom with a rebound.
0:16 of 1st period - Slapshot by Sam Gagner.
0:16 of 1st period - Stopped by Jacob Markstrom without a rebound.
0:17 of 1st period - Manny Malhotra wins face-off versus Chris Bruton in Capitals zone.
0:26 of 1st period - Wrist shot by Sam Gagner.
0:26 of 1st period - Shot Blocked by Linus Omark.
0:28 of 1st period - Slapshot by Sam Gagner.
0:28 of 1st period - Shot Blocked by Steve Oleksy.
0:30 of 1st period - Wrist shot by Tobias Enstrom.
0:30 of 1st period - Deflect By Steve Oleksy.
0:30 of 1st period - Stopped by Jacob Markstrom with a rebound.
1:04 of 1st period - Tobias Enstrom is hit by Steve Oleksy and loses puck.
1:17 of 1st period - Snap shot by Brett Sutter.
1:17 of 1st period - Shot Misses the Net.
1:27 of 1st period - Brad Mills is hit by Teddy Purcell.
1:33 of 1st period - Tobias Enstrom is hit by Brad Mills.
1:39 of 1st period - Matt Taormina is hit by Justin Williams and loses puck.
2:25 of 1st period - Slapshot by Luke Adam.
2:25 of 1st period - Shot Misses the Net.
2:27 of 1st period - Slapshot by Mark Flood.
2:27 of 1st period - Shot Blocked by Ryan Garbutt.
3:03 of 1st period - Slapshot by Erik Cole.
3:03 of 1st period - Stopped by Jacob Markstrom with a rebound.
3:09 of 1st period - Slapshot by Erik Cole.
3:09 of 1st period - Deflect By Sam Gagner.
3:09 of 1st period - Goal by Sam Gagner - Capitals : 0 - BlueJackets : 1.
3:10 of 1st period - James Wright wins face-off versus Chris Bruton in neutral zone.
3:23 of 1st period - Slapshot by Patrick Wiercioch.
3:23 of 1st period - Shot Blocked by Eric Gelinas.
4:06 of 1st period - Manny Malhotra is hit by Luke Adam and loses puck.
4:54 of 1st period - Brad Mills is hit by Drew Shore and loses puck.
5:05 of 1st period - Slapshot by Ryan Garbutt.
5:05 of 1st period - Shot Misses the Net.
5:31 of 1st period - Brett Clark is hit by Adam Pardy and loses puck.
6:09 of 1st period - Snap shot by Patrick Wiercioch.
6:09 of 1st period - Shot Misses the Net.
6:11 of 1st period - Snap shot by Erik Cole.
6:11 of 1st period - Shot Misses the Net.
6:13 of 1st period - Wrist shot by Erik Cole.
6:13 of 1st period - Goal by Erik Cole - Capitals : 0 - BlueJackets : 2.
6:14 of 1st period - Drew Shore wins face-off versus Luke Adam in neutral zone.
6:55 of 1st period - Snap shot by Teddy Purcell.
6:55 of 1st period - Stopped by Jacob Markstrom with a rebound.
6:57 of 1st period - Slapshot by Tobias Enstrom.
6:57 of 1st period - Shot Blocked by Brett Clark.
7:03 of 1st period - Snap shot by Justin Williams.
7:03 of 1st period - Stopped by Jacob Markstrom without a rebound.
7:04 of 1st period - Vernon Fiddler wins face-off versus Chris Bruton in Capitals zone.
7:23 of 1st period - Wrist shot by Eric O'Dell.
7:23 of 1st period - Shot Misses the Net.
7:53 of 1st period - Brad Mills is hit by Erik Cole and loses puck.
8:25 of 1st period - Off-side.
8:26 of 1st period - Drew Shore wins face-off versus Cory Emmerton in neutral zone.
8:41 of 1st period - Off-side.
8:42 of 1st period - Luke Adam wins face-off versus Vernon Fiddler in neutral zone.
9:02 of 1st period - Snap shot by Luke Adam.
9:02 of 1st period - Shot Misses the Net.
9:04 of 1st period - Slapshot by Harry Young.
9:04 of 1st period - Stopped by Jake Allen without a rebound.
9:05 of 1st period - Manny Malhotra wins face-off versus Chris Bruton in BlueJackets zone.
9:10 of 1st period - Slapshot by Sam Gagner.
9:10 of 1st period - Stopped by Jacob Markstrom with a rebound.
9:16 of 1st period - Snap shot by Linus Omark.
9:16 of 1st period - Shot Misses the Net.
9:18 of 1st period - Wrist shot by Brett Clark.
9:18 of 1st period - Shot Blocked by Erik Cole.
9:30 of 1st period - Slapshot by Linus Omark.
9:30 of 1st period - Shot Misses the Net.
9:32 of 1st period - Slapshot by Brett Clark.
9:32 of 1st period - Stopped by Jake Allen with a rebound.
11:38 of 1st period - Snap shot by Michael Raffl.
11:38 of 1st period - Shot Blocked by Tyler Brown.
11:40 of 1st period - Snap shot by James Wright.
11:40 of 1st period - Shot Misses the Net.
11:42 of 1st period - Snap shot by Tobias Enstrom.
11:42 of 1st period - Shot Blocked by Cory Emmerton.
11:44 of 1st period - Slapshot by Chad Ruhwedel.
11:44 of 1st period - Shot Blocked by Cory Emmerton.
12:45 of 1st period - Justin Williams is hit by Eric O'Dell and loses puck.
13:38 of 1st period - Snap shot by Teddy Purcell.
13:38 of 1st period - Shot Misses the Net.
13:40 of 1st period - Snap shot by Vernon Fiddler.
13:40 of 1st period - Shot Misses the Net.
13:42 of 1st period - Slapshot by Chad Ruhwedel.
13:42 of 1st period - Stopped by Jacob Markstrom without a rebound.
13:43 of 1st period - Vernon Fiddler wins face-off versus Luke Adam in Capitals zone.
14:03 of 1st period - Minor Penalty to Ryan Garbutt for Tripping.
14:04 of 1st period - Cory Emmerton wins face-off versus Teddy Purcell in BlueJackets zone.
14:05 of 1st period - Backhand shot by Eric Gelinas.
14:05 of 1st period - Shot Blocked by Tobias Enstrom.
14:09 of 1st period - Wrist shot by Eric Gelinas.
14:09 of 1st period - Stopped by Jake Allen without a rebound.
14:10 of 1st period - Cory Emmerton wins face-off versus Teddy Purcell in BlueJackets zone.
14:17 of 1st period - Slapshot by Eric Gelinas.
14:17 of 1st period - Shot Blocked by Tobias Enstrom.
14:19 of 1st period - Slapshot by Steve Oleksy.
14:19 of 1st period - Shot Misses the Net.
14:21 of 1st period - Slapshot by Steve Oleksy.
14:21 of 1st period - Stopped by Jake Allen without a rebound.
14:22 of 1st period - Cory Emmerton wins face-off versus Teddy Purcell in BlueJackets zone.
15:07 of 1st period - Slapshot by Eric Gelinas.
15:07 of 1st period - Deflect By Linus Omark.
15:07 of 1st period - Shot Blocked by James Wright.
15:07 of 1st period - Puck is out of play.
15:08 of 1st period - Travis Zajac wins face-off versus Teddy Purcell in BlueJackets zone.
15:31 of 1st period - Snap shot by Teddy Purcell.
15:31 of 1st period - Goal by Teddy Purcell - Capitals : 0 - BlueJackets : 3.
15:32 of 1st period - Teddy Purcell wins face-off versus Travis Zajac in neutral zone.
15:48 of 1st period - Icing by Linus Omark.
15:49 of 1st period - Travis Zajac wins face-off versus Justin Williams in Capitals zone.
16:03 of 1st period - Penalty to Ryan Garbutt is over, Ryan Garbutt is back on ice.
16:20 of 1st period - Slapshot by Eric Gelinas.
16:20 of 1st period - Stopped by Jake Allen without a rebound.
16:21 of 1st period - Drew Shore wins face-off versus Luke Adam in BlueJackets zone.
16:53 of 1st period - Brett Clark is hit by Kevin Connauton and loses puck.
17:12 of 1st period - Wrist shot by Sam Gagner.
17:12 of 1st period - Deflect By Erik Cole.
17:12 of 1st period - Shot Blocked by Brett Clark.
17:12 of 1st period - Puck is out of play.
17:13 of 1st period - Manny Malhotra wins face-off versus Cory Emmerton in Capitals zone.
17:26 of 1st period - Slapshot by Steve Oleksy.
17:26 of 1st period - Shot Blocked by Kevin Klein.
17:28 of 1st period - Snap shot by Brett Sutter.
17:28 of 1st period - Shot Blocked by Tobias Enstrom.
17:58 of 1st period - Slapshot by Steve Oleksy.
17:58 of 1st period - Shot Blocked by Tobias Enstrom.
18:12 of 1st period - Slapshot by Eric O'Dell.
18:12 of 1st period - Stopped by Jake Allen without a rebound.
18:13 of 1st period - Drew Shore wins face-off versus Tyler Brown in BlueJackets zone.
18:13 of 1st period - Drew Shore is hit by Tyler Brown.
18:41 of 1st period - Snap shot by Ryan Garbutt.
18:41 of 1st period - Shot Blocked by Kyle Jean.
18:45 of 1st period - Snap shot by Jesse Winchester.
18:45 of 1st period - Stopped by Jacob Markstrom with a rebound.
18:47 of 1st period - Slapshot by Drew Shore.
18:47 of 1st period - Shot Blocked by Cory Emmerton.
18:53 of 1st period - Minor Penalty to Matt Taormina for Tripping.
18:54 of 1st period - Travis Zajac wins face-off versus Ryan Garbutt in Capitals zone.
18:54 of 1st period - Travis Zajac is hit by Ryan Garbutt.
19:45 of 1st period - Vernon Fiddler is hit by Steve Oleksy and loses puck.
Goals for this period are 0 for Capitals vs 3 for BlueJackets.
Shots for this period are 6 for Capitals vs 12 for BlueJackets.

2nd period


0:01 of 2nd period - Travis Zajac wins face-off versus Ryan Garbutt in neutral zone.
0:04 of 2nd period - Wrist shot by Eric Gelinas.
0:04 of 2nd period - Shot Blocked by Tobias Enstrom.
0:53 of 2nd period - Penalty to Matt Taormina is over, Matt Taormina is back on ice.
1:00 of 2nd period - Eric Gelinas is hit by Teddy Purcell and loses puck.
1:47 of 2nd period - Snap shot by Linus Omark.
1:47 of 2nd period - Stopped by Jake Allen with a rebound.
1:57 of 2nd period - Wrist shot by Brett Sutter.
1:57 of 2nd period - Shot Blocked by Justin Williams.
1:59 of 2nd period - Wrist shot by Brett Sutter.
1:59 of 2nd period - Stopped by Jake Allen with a rebound.
2:01 of 2nd period - Slapshot by Mark Flood.
2:01 of 2nd period - Shot Misses the Net.
2:03 of 2nd period - Snap shot by Brad Mills.
2:03 of 2nd period - Stopped by Jake Allen without a rebound.
2:04 of 2nd period - Drew Shore wins face-off versus Cory Emmerton in BlueJackets zone.
2:04 of 2nd period - Drew Shore is hit by Zachery Davies.
2:20 of 2nd period - Snap shot by Jesse Winchester.
2:20 of 2nd period - Stopped by Jacob Markstrom with a rebound.
2:22 of 2nd period - Slapshot by Tobias Enstrom.
2:22 of 2nd period - Shot Misses the Net.
2:24 of 2nd period - Wrist shot by Jesse Winchester.
2:24 of 2nd period - Deflect By Drew Shore.
2:24 of 2nd period - Stopped by Jacob Markstrom without a rebound.
2:25 of 2nd period - Luke Adam wins face-off versus Manny Malhotra in Capitals zone.
2:25 of 2nd period - Luke Adam is hit by Manny Malhotra.
2:39 of 2nd period - Snap shot by Sam Gagner.
2:39 of 2nd period - Stopped by Jacob Markstrom without a rebound.
2:40 of 2nd period - Luke Adam wins face-off versus Manny Malhotra in Capitals zone.
2:40 of 2nd period - Luke Adam is hit by Erik Cole.
3:26 of 2nd period - Snap shot by Tobias Enstrom.
3:26 of 2nd period - Deflect By Drew Shore.
3:26 of 2nd period - Goal by Drew Shore - Capitals : 0 - BlueJackets : 4.
3:26 of 2nd period - Cristopher Nilstorp enters game.
3:27 of 2nd period - Vernon Fiddler wins face-off versus Chris Bruton in neutral zone.
3:34 of 2nd period - Snap shot by Tobias Enstrom.
3:34 of 2nd period - Stopped by Cristopher Nilstorp with a rebound.
3:36 of 2nd period - Minor Penalty to Chris Bruton for Tripping.
3:37 of 2nd period - Ryan Garbutt wins face-off versus Travis Zajac in Capitals zone.
4:40 of 2nd period - Brett Clark is hit by Vernon Fiddler and loses puck.
5:02 of 2nd period - Icing by Kevin Klein.
5:03 of 2nd period - Ryan Garbutt wins face-off versus Linus Omark in BlueJackets zone.
5:08 of 2nd period - Brett Clark is hit by Patrick Wiercioch and loses puck.
5:36 of 2nd period - Penalty to Chris Bruton is over, Chris Bruton is back on ice.
6:25 of 2nd period - Snap shot by Luke Adam.
6:25 of 2nd period - Stopped by Jake Allen without a rebound.
6:26 of 2nd period - David McIntyre wins face-off versus James Wright in BlueJackets zone.
8:00 of 2nd period - Slapshot by Matt Taormina.
8:00 of 2nd period - Shot Misses the Net.
8:02 of 2nd period - Wrist shot by Eric O'Dell.
8:02 of 2nd period - Deflect By Jesse Winchester.
8:02 of 2nd period - Stopped by Jake Allen with a rebound.
8:04 of 2nd period - Slapshot by Matt Taormina.
8:04 of 2nd period - Deflect By Linus Omark.
8:04 of 2nd period - Shot Blocked by Kevin Connauton.
8:04 of 2nd period - Puck is out of play.
8:05 of 2nd period - Vernon Fiddler wins face-off versus Chris Bruton in BlueJackets zone.
8:05 of 2nd period - Vernon Fiddler is hit by Eric O'Dell.
9:45 of 2nd period - Wrist shot by Ryan Garbutt.
9:45 of 2nd period - Shot Misses the Net.
9:47 of 2nd period - Snap shot by Ryan Garbutt.
9:47 of 2nd period - Goal by Ryan Garbutt - Capitals : 0 - BlueJackets : 5.
9:48 of 2nd period - Cory Emmerton wins face-off versus Sam Gagner in neutral zone.
10:02 of 2nd period - Snap shot by Erik Cole.
10:02 of 2nd period - Deflect By Sam Gagner.
10:02 of 2nd period - Shot Blocked by Eric Gelinas.
10:02 of 2nd period - Puck is out of play.
10:03 of 2nd period - Cory Emmerton wins face-off versus Manny Malhotra in Capitals zone.
10:16 of 2nd period - Slapshot by Tobias Enstrom.
10:16 of 2nd period - Goal by Tobias Enstrom - Capitals : 0 - BlueJackets : 6.
10:17 of 2nd period - Chris Bruton wins face-off versus Justin Williams in neutral zone.
10:55 of 2nd period - Icing by Tobias Enstrom.
10:56 of 2nd period - Vernon Fiddler wins face-off versus Luke Adam in BlueJackets zone.
11:01 of 2nd period - Slapshot by Tobias Enstrom.
11:01 of 2nd period - Stopped by Cristopher Nilstorp without a rebound.
11:02 of 2nd period - Manny Malhotra wins face-off versus Travis Zajac in Capitals zone.
11:03 of 2nd period - Snap shot by Sam Gagner.
11:03 of 2nd period - Stopped by Cristopher Nilstorp without a rebound.
11:04 of 2nd period - Luke Adam wins face-off versus Manny Malhotra in Capitals zone.
12:00 of 2nd period - Jesse Winchester is hit by Brett Sutter and loses puck.
12:11 of 2nd period - Wrist shot by Brett Sutter.
12:11 of 2nd period - Stopped by Jake Allen with a rebound.
12:13 of 2nd period - Slapshot by Steve Oleksy.
12:13 of 2nd period - Shot Misses the Net.
12:15 of 2nd period - Slapshot by Steve Oleksy.
12:15 of 2nd period - Goal by Steve Oleksy - Capitals : 1 - BlueJackets : 6.
12:16 of 2nd period - Vernon Fiddler wins face-off versus Chris Bruton in neutral zone.
12:19 of 2nd period - Slapshot by Tobias Enstrom.
12:19 of 2nd period - Shot Blocked by Linus Omark.
13:10 of 2nd period - Matt Taormina is hit by Ryan Garbutt and loses puck.
13:23 of 2nd period - Cory Emmerton is hit by Jesse Winchester.
14:03 of 2nd period - Tobias Enstrom is hit by David McIntyre and loses puck.
14:23 of 2nd period - Off-side.
14:24 of 2nd period - Manny Malhotra wins face-off versus Tyler Brown in neutral zone.
16:10 of 2nd period - Slapshot by Eric Gelinas.
16:10 of 2nd period - Stopped by Jake Allen with a rebound.
16:26 of 2nd period - Wrist shot by Luke Adam.
16:26 of 2nd period - Shot Misses the Net.
16:46 of 2nd period - Snap shot by Travis Zajac.
16:46 of 2nd period - Stopped by Jake Allen with a rebound.
17:14 of 2nd period - Snap shot by Chad Ruhwedel.
17:14 of 2nd period - Deflect By Michael Raffl.
17:14 of 2nd period - Stopped by Cristopher Nilstorp with a rebound.
17:26 of 2nd period - Tobias Enstrom is hit by Chris Bruton and loses puck.
17:55 of 2nd period - Steve Oleksy is hit by Kevin Connauton and loses puck.
Goals for this period are 1 for Capitals vs 3 for BlueJackets.
Shots for this period are 9 for Capitals vs 10 for BlueJackets.

3rd period


0:01 of 3rd period - Vernon Fiddler wins face-off versus Cory Emmerton in neutral zone.
0:09 of 3rd period - Off-side.
0:10 of 3rd period - Cory Emmerton wins face-off versus Vernon Fiddler in neutral zone.
0:31 of 3rd period - Wrist shot by Cory Emmerton.
0:31 of 3rd period - Shot Misses the Net.
0:33 of 3rd period - Slapshot by Steve Oleksy.
0:33 of 3rd period - Shot Blocked by Tobias Enstrom.
0:47 of 3rd period - Teddy Purcell is hit by Harry Young and loses puck.
1:09 of 3rd period - Kevin Connauton is hit by Linus Omark and loses puck.
1:39 of 3rd period - David McIntyre is hit by Sam Gagner and loses puck.
1:50 of 3rd period - Snap shot by Mark Flood.
1:50 of 3rd period - Shot Misses the Net.
2:09 of 3rd period - Kevin Klein is hit by Brett Clark and loses puck.
3:29 of 3rd period - Icing by Kevin Klein.
3:30 of 3rd period - Vernon Fiddler wins face-off versus Chris Bruton in BlueJackets zone.
3:45 of 3rd period - Snap shot by Linus Omark.
3:45 of 3rd period - Shot Misses the Net.
4:03 of 3rd period - Snap shot by Eric O'Dell.
4:03 of 3rd period - Shot Blocked by Sam Gagner.
4:56 of 3rd period - Minor Penalty to David McIntyre for Hooking.
4:57 of 3rd period - Vernon Fiddler wins face-off versus Travis Zajac in Capitals zone.
5:00 of 3rd period - Wrist shot by Teddy Purcell.
5:00 of 3rd period - Shot Blocked by Eric Gelinas.
5:44 of 3rd period - Ryan Garbutt is hit by Steve Oleksy and loses puck.
6:11 of 3rd period - Slapshot by Patrick Wiercioch.
6:11 of 3rd period - Shot Misses the Net.
6:49 of 3rd period - Snap shot by Tobias Enstrom.
6:49 of 3rd period - Shot Blocked by Steve Oleksy.
6:51 of 3rd period - Snap shot by Teddy Purcell.
6:51 of 3rd period - Goal by Teddy Purcell - Capitals : 1 - BlueJackets : 7.
6:52 of 3rd period - Drew Shore wins face-off versus Chris Bruton in neutral zone.
7:15 of 3rd period - Wrist shot by Eric O'Dell.
7:15 of 3rd period - Deflect By Linus Omark.
7:15 of 3rd period - Stopped by Jake Allen without a rebound.
7:16 of 3rd period - Manny Malhotra wins face-off versus Cory Emmerton in BlueJackets zone.
7:21 of 3rd period - Slapshot by Sam Gagner.
7:21 of 3rd period - Shot Misses the Net.
7:31 of 3rd period - Wrist shot by Erik Cole.
7:31 of 3rd period - Stopped by Cristopher Nilstorp without a rebound.
7:32 of 3rd period - Manny Malhotra wins face-off versus Cory Emmerton in Capitals zone.
9:00 of 3rd period - Slapshot by Tobias Enstrom.
9:00 of 3rd period - Stopped by Cristopher Nilstorp with a rebound.
9:02 of 3rd period - Slapshot by Chad Ruhwedel.
9:02 of 3rd period - Shot Misses the Net.
9:06 of 3rd period - Snap shot by Ryan Garbutt.
9:06 of 3rd period - Shot Misses the Net.
9:12 of 3rd period - Snap shot by Jesse Winchester.
9:12 of 3rd period - Shot Blocked by Luke Adam.
9:49 of 3rd period - Snap shot by Sam Gagner.
9:49 of 3rd period - Shot Misses the Net.
10:29 of 3rd period - Linus Omark is hit by Jesse Winchester and loses puck.
10:42 of 3rd period - Wrist shot by Linus Omark.
10:42 of 3rd period - Deflect By Kevin Klein.
10:42 of 3rd period - Shot Blocked by Jesse Winchester.
10:42 of 3rd period - Puck is out of play.
10:43 of 3rd period - Cory Emmerton wins face-off versus Erik Cole in BlueJackets zone.
11:33 of 3rd period - Kevin Klein is hit by Eric O'Dell and loses puck.
11:50 of 3rd period - Slapshot by Steve Oleksy.
11:50 of 3rd period - Stopped by Jake Allen with a rebound.
11:52 of 3rd period - Slapshot by Steve Oleksy.
11:52 of 3rd period - Shot Hit the Post.
12:21 of 3rd period - James Wright is hit by Tyler Brown.
12:42 of 3rd period - Snap shot by Linus Omark.
12:42 of 3rd period - Shot Misses the Net.
13:04 of 3rd period - Vernon Fiddler is hit by Kyle Jean and loses puck.
13:11 of 3rd period - Mark Flood is hit by Vernon Fiddler and loses puck.
13:32 of 3rd period - Wrist shot by Michael Raffl.
13:32 of 3rd period - Stopped by Cristopher Nilstorp without a rebound.
13:33 of 3rd period - James Wright wins face-off versus Luke Adam in Capitals zone.
13:38 of 3rd period - Snap shot by Michael Raffl.
13:38 of 3rd period - Stopped by Cristopher Nilstorp without a rebound.
13:39 of 3rd period - Luke Adam wins face-off versus James Wright in Capitals zone.
15:32 of 3rd period - Jesse Winchester is hit by Harry Young and loses puck.
15:39 of 3rd period - Steve Oleksy is hit by Ryan Garbutt and loses puck.
16:31 of 3rd period - Snap shot by Eric O'Dell.
16:31 of 3rd period - Shot Misses the Net.
16:37 of 3rd period - Snap shot by Brett Clark.
16:37 of 3rd period - Shot Blocked by Manny Malhotra.
16:39 of 3rd period - Snap shot by Brett Clark.
16:39 of 3rd period - Shot Misses the Net.
17:09 of 3rd period - Snap shot by James Wright.
17:09 of 3rd period - Stopped by Cristopher Nilstorp with a rebound.
17:11 of 3rd period - Slapshot by Adam Pardy.
17:11 of 3rd period - Deflect By Travis Zajac.
17:11 of 3rd period - Stopped by Cristopher Nilstorp with a rebound.
17:33 of 3rd period - Wrist shot by Ryan Garbutt.
17:33 of 3rd period - Stopped by Cristopher Nilstorp without a rebound.
17:34 of 3rd period - Brad Mills wins face-off versus Drew Shore in Capitals zone.
17:34 of 3rd period - Brad Mills is hit by Jesse Winchester.
17:39 of 3rd period - Minor Penalty to Jesse Winchester for Holding.
17:40 of 3rd period - Travis Zajac wins face-off versus Teddy Purcell in BlueJackets zone.
17:46 of 3rd period - Snap shot by Linus Omark.
17:46 of 3rd period - Stopped by Jake Allen without a rebound.
17:47 of 3rd period - Travis Zajac wins face-off versus Teddy Purcell in BlueJackets zone.
17:48 of 3rd period - Slapshot by Eric O'Dell.
17:48 of 3rd period - Shot Misses the Net.
17:50 of 3rd period - Snap shot by Travis Zajac.
17:50 of 3rd period - Shot Blocked by Adam Pardy.
17:52 of 3rd period - Slapshot by Travis Zajac.
17:52 of 3rd period - Goal by Travis Zajac - Capitals : 2 - BlueJackets : 7.
17:53 of 3rd period - Manny Malhotra wins face-off versus Cory Emmerton in neutral zone.
18:06 of 3rd period - Snap shot by Sam Gagner.
18:06 of 3rd period - Shot Misses the Net.
18:08 of 3rd period - Snap shot by Kevin Klein.
18:08 of 3rd period - Shot Misses the Net.
18:10 of 3rd period - Slapshot by Kevin Klein.
18:10 of 3rd period - Stopped by Cristopher Nilstorp with a rebound.
18:12 of 3rd period - Slapshot by Kevin Klein.
18:12 of 3rd period - Shot Misses the Net.
18:14 of 3rd period - Slapshot by Kevin Klein.
18:14 of 3rd period - Stopped by Cristopher Nilstorp with a rebound.
18:16 of 3rd period - Slapshot by Kevin Klein.
18:16 of 3rd period - Deflect By Erik Cole.
18:16 of 3rd period - BlueJackets goal is going for a video replay.
18:16 of 3rd period - The goal is refused. The puck has been kicked using a distinct kicking motion..
18:17 of 3rd period - Drew Shore wins face-off versus Linus Omark in Capitals zone.
18:18 of 3rd period - Slapshot by Tobias Enstrom.
18:18 of 3rd period - Shot Blocked by Eric O'Dell.
18:20 of 3rd period - Snap shot by Ryan Garbutt.
18:20 of 3rd period - Shot Misses the Net.
18:24 of 3rd period - Slapshot by Drew Shore.
18:24 of 3rd period - Shot Misses the Net.
18:26 of 3rd period - Snap shot by Chad Ruhwedel.
18:26 of 3rd period - Shot Blocked by Eric O'Dell.
18:30 of 3rd period - Wrist shot by Jesse Winchester.
18:30 of 3rd period - Stopped by Cristopher Nilstorp with a rebound.
18:44 of 3rd period - Snap shot by Ryan Garbutt.
18:44 of 3rd period - Shot Blocked by Mark Flood.
19:10 of 3rd period - Teddy Purcell is hit by David McIntyre and loses puck.
19:23 of 3rd period - Snap shot by Travis Zajac.
19:23 of 3rd period - Shot Misses the Net.
19:34 of 3rd period - Tobias Enstrom is hit by Travis Zajac and loses puck.
Goals for this period are 1 for Capitals vs 1 for BlueJackets.
Shots for this period are 4 for Capitals vs 12 for BlueJackets.


Output by the SimonT Hockey Simulator (STHS) for Eric Dolegowski -- Original Page W3C XHTML 1.0 Valid
Hockey Simulator - Hockey Simulation - Hockey Manager